 Dungeon Crawl Stone Soup version 0.27-a0-1513-g2aaa0cc67b (webtiles) character file.

Game seed: 981901876717386248

3550 nyamberluvr69 the Blocker (level 10, -6/63 HPs)
             Began as an Octopode Berserker on July 9, 2021.
             Was a Priest of Trog.
             Mangled by a yak (12 damage)
             ... on level 7 of the Dungeon.
             The game lasted 00:11:03 (7320 turns).

nyamberluvr69 the Blocker (Octopode Berserker)      Turns: 7320, Time: 00:11:03

Health: -6/63      AC:  1    Str: 17    XL:     10   Next: 9%
Magic:  10/10      EV: 17    Int:  9    God:    Trog [***...]
Gold:   301        SH: 13    Dex: 15    Spells: 9/9 levels left

rFire    . . .     SeeInvis .   v - +0 double sword
rCold    . . .     Faith    .   e - +0 kite shield
rNeg     + . .     Spirit   .   (helmet restricted)
rPois    .         Reflect  .   (no amulet)
rElec    .         Harm     .   g - +4 ring of evasion
rCorr    .         Rampage  .   x - ring of positive energy
Will     .....                  (no ring)
Stlth    ++........             (no ring)
HPRegen  0.20/turn              (no ring)
MPRegen  0.12/turn              (no ring)
                                (no ring)
                                (no ring)

@: on berserk cooldown, slowed, very slow
A: almost no armour, amphibious, 8 rings, camouflage 1, gelatinous body 1,
(nimble swimmer 1), tentacles
a: Renounce Religion, Berserk, Trog's Hand


You were on level 7 of the Dungeon.
You worshipped Trog.
Trog was most pleased with you.
You visited 1 branch of the dungeon, and saw 7 of its levels.

You collected 381 gold pieces.
You spent 80 gold pieces at shops.

Inventory:

Hand Weapons
 a - a +0 falchion
 v - a +0 double sword (weapon)
Missiles
 p - a curare-tipped dart
 w - a throwing net (quivered)
Armour
 e - a +0 kite shield (worn)
Jewellery
 g - a +4 ring of evasion (left tentacle)
 x - a ring of positive energy (right tentacle)
Wands
 d - a wand of paralysis (6)
 o - a wand of acid (10)
 r - a wand of iceblast (12)
Scrolls
 f - 3 scrolls of magic mapping
 k - 5 scrolls of teleportation
 l - 4 scrolls of fog
 n - a scroll of blinking {unknown}
 q - 2 scrolls of acquirement {unknown}
 s - 2 scrolls of vulnerability {unknown}
 u - 2 scrolls of amnesia {unknown}
 y - a scroll of enchant weapon {unknown}
 z - a scroll of brand weapon {unknown}
 A - a scroll of immolation {unknown}
 B - a scroll of identify
Potions
 b - 6 potions of heal wounds
 c - a potion of berserk rage {unknown}
 h - 3 potions of lignification
 i - a potion of degeneration {unknown}
 j - 4 potions of curing
 m - a potion of flight {unknown}
 t - 2 potions of ambrosia {unknown}


   Skills:
 - Level 3.2 Fighting
 - Level 3.2 Long Blades
 - Level 3.0 Dodging
 + Level 13.4 Shields


You had 9 spell levels left.
You didn't know any spells.
Your spell library was empty.

Dungeon Overview and Level Annotations

Branches:
Dungeon (7/15)             Temple (0/1) D:6

Altars:
Dithmenos
Fedhas
Hepliaklqana
Kikubaaqudgha
Vehumet
Wu Jian
Xom
Yredelemnul
The Shining One

Shops:
D:2 !

Annotations:
D:5 2 transporters, Demosthentine's ghost, novice MfGl


Innate Abilities, Weirdness & Mutations

You cannot wear most types of armour.
You are amphibious.
You can wear up to eight rings at the same time.
Your skin changes colour to match your surroundings (Stealth+).
Your rubbery body absorbs attacks. (AC +1, EV +1)
((You are camouflaged near water. (Stealth+)))
You have tentacles for arms and can constrict up to eight enemies at once.


Message History

You slash the yak!
You kill the yak!
Trog accepts your kill.
Your Shields skill increases to level 13!
You have reached level 10!
You feel agile.
You slice the yak!!
The yak is heavily wounded.
The yak closely misses you.
You slash the yak! You squeeze the yak.
The yak is almost dead.
The yak barely misses you.
You riposte.
You closely miss the yak. You squeeze the yak.
You kill the yak!
Trog accepts your kill. The yak gores you!
You see here a yak corpse.
You slash the yak! You squeeze the yak.
The yak is heavily wounded.
The yak completely misses you. The yak gores you!
You slash the yak! You squeeze the yak.
You kill the yak!
Trog accepts your kill.
You are no longer berserk.
You are exhausted.
You feel yourself slow down. The yak gores you!
You hit the yak.
The yak is lightly wounded.
The yak gores you!
* * * LOW HITPOINT WARNING * * *
You block the yak's attack.
Unknown command.
The yak gores you.
* * * LOW HITPOINT WARNING * * *
You see here a yak corpse.
Aiming: Paralyse
Press: ? - help, Shift-Dir - straight line, f - yak
Aim: a yak (lightly wounded, chance to affect: 46%)
The yak resists with some effort.
The yak gores you!
You die...

.#.# #...# #.######.........#
...####...###.# #......#.#
#.##..........# ###.##.# #
#.#...........# #.##.#.#
#.#...Y....Y.Y########.##.#.#
#.#.###...###..........##.#.#
#.#.# #...# ####†...........#
#.#Y# #...# #Y######.....#
#.#.# ##### #@# ##.#:#.#
#.#Y# #<# #..#.#.# #.#Y## #.#
#.#....# )..Y.# #.# #.#..#.#
..#..# #.#####.#.##.# .##..#
#.........##.# ###..#
#........^...# ###..#####
#.#####.###### .......Y.# #.#
#.#


You could see a yak.

Vanquished Creatures
  Grinder (D:6)
  6 yaks
  Sigmund (D:4)
  A water moccasin (D:5)
  2 ice beasts (D:6)
  2 sky beasts
  5 ogres
  A necrophage (D:5)
  A centaur (D:6)
  3 phantoms (D:5)
  A kobold brigand (D:7)
  3 bullfrogs
  3 scorpions
  A wyvern skeleton (D:7)
  A howler monkey (D:6)
  2 bullfrog zombies (D:6)
  An orc priest (D:5)
  A gnoll shaman (D:5)
  5 hounds
  2 iguanas
  3 orc wizards
  3 adders
  5 gnolls (D:5)
  2 ufetubi
  An adder zombie (D:5)
  A worm (D:2)
  14 orcs
  5 ball pythons
  A bat (D:1)
  5 endoplasms
  A giant cockroach (D:3)
  5 goblins
  4 hobgoblins
  6 jackals (D:3)
  2 quokkas
  A frilled lizard (D:1)
  12 kobolds
  3 rats (D:1)
117 creatures vanquished.

Vanquished Creatures (others)
  An endoplasm (D:3)
  A giant cockroach (D:3)
  A goblin (D:3)
  A hobgoblin (D:3)
  2 frilled lizards (D:3)
  A rat (D:3)
7 creatures vanquished.

Grand Total: 124 creatures vanquished

Notes
Turn   | Place    | Note
-------+----------+-------------------------------------------
     0 | D:1      | nyamberluvr69 the Octopode Berserker began the quest for
                  | the Orb.
     0 | D:1      | Reached XP level 1. HP: 16/16 MP: 1/1
   220 | D:1      | Found a faded altar of an unknown god.
   305 | D:1      | Reached XP level 2. HP: 21/21 MP: 2/2
   499 | D:1      | Reached skill level 1 in Shields
  1124 | D:2      | Found Ogrucho's Distillery.
  1132 | D:2      | Bought a potion of curing for 30 gold pieces
  1221 | D:2      | Reached skill level 2 in Shields
  1221 | D:2      | Reached XP level 3. HP: 26/26 MP: 3/3
  1419 | D:2      | Bought a potion of heal wounds for 50 gold pieces
  1588 | D:3      | Found a shimmering altar of Xom.
  1695 | D:3      | Noticed a scorpion
  1700 | D:3      | Killed a scorpion
  1701 | D:3      | Reached skill level 3 in Shields
  1701 | D:3      | Reached XP level 4. HP: 30/31 MP: 4/4
  1730 | D:3      | Found an ornate altar of the Wu Jian Council.
  1737 | D:3      | Found a shadowy altar of Dithmenos.
  1737 | D:3      | Found a blossoming altar of Fedhas.
  1738 | D:3      | Found an ancient bone altar of Kikubaaqudgha.
  1741 | D:3      | Found a radiant altar of Vehumet.
  1851 | D:3      | Reached skill level 4 in Shields
  1965 | D:3      | Reached XP level 5. HP: 27/36 MP: 5/5
  1971 | D:3      | Reached ** piety under Trog
  2493 | D:4      | Reached skill level 5 in Shields
  2721 | D:4      | Noticed an ogre
  2727 | D:4      | Killed an ogre
  2728 | D:4      | Reached XP level 6. HP: 11/42 MP: 6/6
  3241 | D:4      | Noticed Sigmund
  3252 | D:4      | Killed Sigmund
  3253 | D:4      | Reached skill level 6 in Shields
  3253 | D:4      | Reached XP level 7. HP: 46/46 MP: 7/7
  3647 | D:5      | Entered Level 5 of the Dungeon
  3661 | D:5      | Reached skill level 7 in Shields
  4010 | D:5      | Reached skill level 8 in Shields
  4036 | D:5      | Noticed a yak
  4079 | D:5      | Killed a yak
  4080 | D:5      | Reached XP level 8. HP: 32/52 MP: 8/8
  4084 | D:5      | Reached skill level 9 in Shields
  5096 | D:5      | Found a hazy altar of Hepliaklqana.
  5151 | D:5      | Reached skill level 10 in Shields
  5409 | D:5      | Found a transporter.
  5565 | D:5      | Found a transporter.
  5568 | D:5      | Noticed Demosthentine's ghost (novice MfGl)
  5798 | D:6      | Noticed Grinder
  5800 | D:6      | Killed Grinder
  5801 | D:6      | Reached skill level 11 in Shields
  5801 | D:6      | Reached XP level 9. HP: 57/57 MP: 9/9
  6512 | D:6      | Found a staircase to the Ecumenical Temple.
  6519 | D:6      | Found a glowing golden altar of the Shining One.
  6521 | D:6      | Noticed an angel
  6530 | D:6      | Found a basalt altar of Yredelemnul.
  6533 | D:6      | Noticed a profane servitor
  6575 | D:6      | Reached skill level 12 in Shields
  7192 | D:7      | Reached *** piety under Trog
  7313 | D:7      | Reached skill level 13 in Shields
  7313 | D:7      | Reached XP level 10. HP: 63/63 MP: 10/10
  7320 | D:7      | Mangled by a yak

Illustrated notes

Levels and vault maps discovered:
D:1:      elethiomel_arrival_maze, layout_basic,
          hellmonk_ecumenical_altar_lost_god, minmay_hexomino_p4
D:2:      layout_rooms, serial_shops, nicolae_shop_trees
D:3:      layout_loops_corners, xom_confusion_cloud, minitemple,
          chequers_mini_garden
D:4:      layout_cave_pods, uniq_sigmund
D:5:      layout_basic, old_standard_altar, gammafunk_ghost_mausoleum,
          grunt_ministairs_5, minmay_chambers_of_fives
D:6:      layout_basic, grunt_temple_overflow_holy_war,
          minmay_temple_entry_enclosed_plants, ebering_dispersal_statue_hall,
          uniq_grinder
D:7:      layout_loops_ring

Skill      XL: |  1  2  3  4  5  6  7  8  9 |
---------------+----------------------------+-----
Shields        | 2 3 4 5 6 8 11 13 | 13.4
Fighting       | |  3.2
Long Blades    | |  3.2
Dodging        | |  3.0

Action                   |  1- 3 |  4- 6 |  7- 9 | 10-12 || total
-------------------------+-------+-------+-------+-------++-------
Melee: Falchion          |    50 |    35 |    25 |       ||   110
       Constrict         |    17 |    11 |    36 |       ||    64
       Tentacles         |    10 |    11 |    48 |     4 ||    73
       Double sword      |       |       |   173 |     5 ||   178
Throw: Dart              |       |       |     3 |       ||     3
Invok: Berserk           |       |     3 |     8 |       ||    11
       Trog's Hand       |       |     1 |     1 |       ||     2
Evoke: Wand              |       |       |       |     1 ||     1
  Use: Scroll            |       |       |     4 |       ||     4
 Stab: Sleeping          |    13 |     1 |     6 |       ||    20
       Distracted        |       |       |     1 |       ||     1
Armor: Skin              |     1 |     3 |     6 |       ||    10
Dodge: Dodged            |    24 |    34 |   105 |     3 ||   166
Block: Kite shield       |    14 |    20 |   116 |     1 ||   151
       Rpst.: Falchion   |     7 |     5 |       |       ||    12
       Double sword      |       |       |    30 |     1 ||    31

Table legend: (Time is in decaauts)
 A = Elapsed time spent in this place.
 B = Non-inter-level travel time spent in this place.
 C = Inter-level travel time spent in this place.
 D = Time resting spent in this place.
 E = Time spent auto-exploring this place.
 F = Levels seen in this place.
 G = Mean time per level.
                   A        B        C        D        E       F      G
               +--------+--------+--------+--------+--------+-----+--------+
         Total |   7522 |   7340 |    182 |   1847 |   4268 |   7 | 1074.6 |
       Dungeon |   7522 |   7340 |    182 |   1847 |   4268 |   7 | 1074.6 |
               +--------+--------+--------+--------+--------+-----+--------+

Top non-repeatable levels by time:
     D:5: 2240 daAuts
     D:4: 1199 daAuts
     D:1: 1100 daAuts
     D:3: 1061 daAuts
     D:6: 842 daAuts
     D:7: 730 daAuts
     D:2: 348 daAuts
